 Dungeon Crawl Stone Soup version 0.18-a0-1745-gffa9a88 (webtiles) character file.

359 namelastname112 the Agent of Entropy (level 6, -4/52 HPs)
             Began as a Draconian Abyssal Knight on Apr 11, 2016.
             Was a Priest of Lugonu.
             Slain by Robin
             ... wielding a +0 club
              (5 damage)
             ... on level 4 of the Dungeon.
             The game lasted 00:04:35 (4099 turns).

namelastname112 the Agent of Entropy (DrAK)         Turns: 4099, Time: 00:04:36

Health: -4/52      AC:  8    Str: 13 (15) XL:     6   Next: 37%
Magic:  8/9        EV: 12    Int: 10 (12) God:    Lugonu [***...]
Gold:   179        SH:  0    Dex:  9 (12) Spells: 0 memorised, 5 levels left

rFire  . . .     SeeInvis .     a - +1 falchion
rCold  . . .     Gourm    .     (armour unavailable)
rNeg   . . .     Faith    .     (no shield)
rPois  .         Spirit   .     (helmet restricted)
rElec  .         Dismiss  .     f - +1 cloak
rCorr  .         Reflect  .     (no gloves)
SustAt .         Harm     .     (no boots)
MR     .....                    (no amulet)
Stlth  +.........               i - ring of stealth
                                d - ring of loudness (curse)

@: flying, very slightly contaminated, hasted and slowed, not resistant to
hostile enchantments, very unstealthy
A: unfitting armour, cold-blooded, AC +6
a: Depart the Abyss, Bend Space, Banish, Renounce Religion


You were on level 4 of the Dungeon.
You worshipped Lugonu.
Lugonu was most pleased with you.
You were hungry.

You visited 1 branch of the dungeon, and saw 4 of its levels.
You visited the Abyss 1 time.

You collected 179 gold pieces.

Inventory:

Hand Weapons
 a - a +1 falchion (weapon)
Armour
 f - a +1 cloak (worn)
Jewellery
 d - a cursed ring of loudness (left hand)
 i - a ring of stealth (right hand)
Scrolls
 c - 3 scrolls of amnesia {unknown}
 g - 3 scrolls of enchant weapon {unknown}
 h - 2 scrolls of enchant armour {unknown}
 l - 3 scrolls of identify {unknown}
 m - 2 scrolls of remove curse {unknown}
 p - a scroll of recharging {unknown}
 r - a scroll of teleportation {unknown}
Potions
 j - a potion of agility {unknown}
Comestibles
 b - a bread ration
 n - 2 meat rations


   Skills:
 + Level 4.0 Fighting
 * Level 4.4 Long Blades
 + Level 3.2 Dodging
 * Level 4.6 Invocations


You had 5 spell levels left.
You didn't know any spells.

Dungeon Overview and Level Annotations

Branches:
Dungeon (4/15)
 Temple: D:4-7

Altars:
Cheibriados
Kikubaaqudgha
Ru

Annotations:
D:4 Robin


Innate Abilities, Weirdness & Mutations

Your plain brown scales are hard (AC +6).
Your body does not fit into most forms of armour.
You are cold-blooded and may be slowed by cold attacks.


Message History

The orc wizard casts a spell.
The orc wizard blinks!
Robin hits you but does no damage. The goblin closely misses you.
Robin barely misses you.
You are very lightly contaminated with residual magic.
The goblin closely misses you. Robin throws the goblin at you!
You slash the goblin!
You kill the goblin!
Lugonu accepts your kill.
You see here a fuming white potion.
The orc wizard casts a spell.
The orc wizard blinks!
The orc wizard points at you and mumbles some strange words.
The magic dart hits you!
* * * LOW HITPOINT WARNING * * *
Drink which item? (? for menu, Esc to quit)
It was a potion of flight.
You feel very buoyant.
You fly up into the air.
Robin hits you with a club.
You die...

#.##.........#
#.####...#..o# #g#
#...###g# #.# #(..#
#o# #o# ##### #)#
### #o# #g###.# #.#
#ยง..!.# #)#
#.###g# #)#
######.o..@## #.#
#...........# #.#
#+##........# #$..#
##.......# #...#
#.......# #...#
#.......# #...#
##.......# #...g
#........##########
#....g
#................<#


You could see Robin and an orc wizard.

Vanquished Creatures
  A scorpion (D:3)
  A giant frog skeleton (D:4)
  Terence (D:2)
  6 adders
  6 gnolls
  An ooze (D:2)
  3 dart slugs
  6 giant geckos
  7 orcs
  8 giant cockroaches
  16 goblins
  8 hobgoblins
  10 jackals
  6 bats
  2 giant newts
  12 kobolds
  9 rats
103 creatures vanquished.

Vanquished Creatures (others)
  A human (D:3)
  An iguana (D:4)
2 creatures vanquished.

Grand Total: 105 creatures vanquished

Notes
Turn   | Place    | Note
--------------------------------------------------------------
     0 | Abyss:1  | namelastname112 the Draconian Abyssal Knight began the quest for the Orb.
     0 | Abyss:1  | Reached XP level 1. HP: 19/19 MP: 2/2
    36 | Abyss:1  | Noticed a large abomination
    46 | Abyss:1  | Noticed a small abomination
    68 | Abyss:1  | Noticed a raiju
    69 | Abyss:1  | Noticed a small abomination
    69 | Abyss:1  | Noticed a small abomination
    69 | D:1      | Escaped the Abyss
   169 | D:1      | Reached * piety under Lugonu
   169 | D:1      | Reached XP level 2. HP: 19/26 MP: 3/3
   579 | D:1      | Reached XP level 3. HP: 19/31 MP: 5/5
  1656 | D:2      | Reached ** piety under Lugonu
  1656 | D:2      | Reached XP level 4. HP: 25/38 MP: 6/6
  1912 | D:2      | Noticed Terence
  1925 | D:2      | Killed Terence
  2392 | D:3      | Reached XP level 5. HP: 23/45 MP: 6/8
  2530 | D:3      | Found a snail-covered altar of Cheibriados.
  2742 | D:3      | Found a sacrificial altar of Ru.
  3258 | D:3      | Reached *** piety under Lugonu
  3346 | D:3      | Found an ancient bone altar of Kikubaaqudgha.
  3383 | D:3      | Noticed a human
  3386 | D:3      | Killed a human
  3465 | D:3      | Reached XP level 6. HP: 52/52 MP: 9/9
  4022 | D:4      | Noticed Robin
  4098 | D:4      | HP: 1/52 [orc wizard/magic dart (4)]
  4099 | D:4      | Slain by Robin

Vault maps used:
D:1:      saegor_arrival_simple_c, st_stairs_14
D:2:      uniq_terence
D:3:      nicolae_ru_great_annihilating_truth, kennysheep_slug_shrine,
          tgw_kikubaaqudgha
D:4:      nicolae_qazlal_eye_of_the_storm, gammafunk_temple_overflow_statue,
          uniq_robin

Skill      XL: |  1  2  3  4  5  6 |
---------------+-------------------+-----
Invocations    | 3 4 |  4.6
Long Blades    | 3 4 |  4.4
Fighting       | 4 |  4.0
Dodging        | 3 |  3.2

Action                   |  1- 3 |  4- 6 || total
-------------------------+-------+-------++-------
Melee: Falchion          |   151 |   251 ||   402
Invok: Depart the Abyss  |     1 |       ||     1
       Bend Space        |       |     3 ||     3
       Banish            |       |     1 ||     1
  Use: Potion            |     1 |     3 ||     4
 Stab: Sleeping          |       |     3 ||     3
       Paralysed         |       |     2 ||     2
  Eat: Chunk             |     2 |     9 ||    11
